 Dungeon Crawl Stone Soup version 0.20.0-10-g0535bb4 (webtiles) character file.

676 dvd the Cudgeler (level 7, -4/44 HPs)
             Began as a Gargoyle Berserker on June 3, 2017.
             Was a Priest of Trog.
             Killed by divine providence
             ... invoked by an orc priest
              (16 damage)
             ... on level 4 of the Dungeon.
             The game lasted 00:07:55 (2736 turns).

dvd the Cudgeler (Gargoyle Berserker)               Turns: 2736, Time: 00:07:57

Health: -4/44      AC: 11    Str: 21    XL:     7   Next: 60%
Magic:  7/7        EV:  8    Int:  7    God:    Trog [***...]
Gold:   92         SH:  9    Dex: 11    Spells: 6/6 levels left

rFire    . . .     SeeInvis .   a - +0 mace
rCold    . . .     Gourm    .   r - +0 shield
rNeg     + . .     Faith    .   q - +0 scale mail
rPois    ∞         Spirit   .   (no helmet)
rElec    +         Reflect  .   (no cloak)
rCorr    .         Harm     .   (no gloves)
MR       ++...                  (no boots)
Stlth    ..........             (no amulet)
Regen    1.2/turn               (no ring)
MPRegen  0.1/turn               (no ring)

@: berserk cooldown, regenerating, slowed, very slow
A: negative energy resistance 1, electricity resistance, unbreathing,
petrification resistance, rot immunity, AC +4
a: Berserk, Trog's Hand, Burn Spellbooks, Renounce Religion


You were on level 4 of the Dungeon.
You worshipped Trog.
Trog was most pleased with you.
You were very hungry.

You visited 1 branch of the dungeon, and saw 4 of its levels.

You collected 92 gold pieces.

Inventory:

Hand Weapons
 a - a +0 mace (weapon)
Armour
 b - a +0 animal skin
 q - a +0 scale mail (worn)
 r - a +0 shield (worn)
Wands
 k - a wand of polymorph (17/24)
Scrolls
 d - a scroll of magic mapping {unknown}
 i - 2 scrolls of fog {unknown}
 j - a scroll of amnesia {unknown}
 o - a scroll of immolation {unknown}
 p - 2 scrolls of remove curse {unknown}
 s - a scroll of identify {unknown}
Potions
 e - 3 potions of curing {unknown}
 f - a potion of heal wounds {unknown}
 g - 4 potions of might {unknown}
 h - 3 potions of haste {unknown}
 l - a potion of berserk rage {unknown}
 n - a potion of mutation {unknown}
Comestibles
 c - 4 bread rations
 m - 4 chunks of flesh
 t - 2 meat rations
 u - 2 fruits


   Skills:
 + Level 4.6 Fighting
 + Level 5.9 Maces & Flails
 + Level 4.3 Armour
 + Level 2.7 Dodging
 + Level 0.8 Stealth
 + Level 2.9 Shields


You had 6 spell levels left.
You didn't know any spells.

Dungeon Overview and Level Annotations

Branches:
Dungeon (4/15)
 Temple: D:4-7

Altars:
Trog


Innate Abilities, Weirdness & Mutations

You are resistant to torment.
Your stone body is resilient. (AC +4)
You are immune to poison.
You resist negative energy. (rN+)
You are resistant to electric shocks. (rElec)
You can survive without breathing.
You are immune to petrification.
You are immune to rotting.


Message History

You hit the orc priest but do no damage.
The orc priest is almost dead.
The orc priest calls down the wrath of Beogh upon you.
Beogh smites you! The orc hits you but does no damage.
The orc priest calls down the wrath of Beogh upon you.
Pain shoots through your body!
Your shield and scale mail prevent you from hitting the orc priest.
The orc priest is almost dead.
The orc hits you but does no damage.
The orc priest mumbles some strange prayers to Beogh against you.
Beogh smites you!
* * * LOW HITPOINT WARNING * * *
You block the orc's attack.
Your skin crawls.
You feel resistant to hostile enchantments.
You are feeling very hungry.
The orc priest barely misses you. The orc barely misses you.
The orc priest invokes the aid of Beogh against you.
Beogh smites you!
You die...

#.# #.# #h# #.#
##.## #.#
#.####.#.###.#
#.....###....#
######.#.#####
##h## #)#
####.##########.#
#...[..[[.o@)...#
#.##..#####o.......
#. ##.# #...#####
.. #.# ##.## ###
#.# .# #.# .# #.#
.# #.# .# #..


You could see an orc priest and an orc.

Vanquished Creatures
  Edmund (D:4)
  The ghost of ballsack the Conjurer, an amateur OpCj (D:3)
  An orc warrior (D:4)
  4 orc wizards (D:4)
  Natasha (twice) (D:3)
  2 worker ants
  5 adders
  An ooze (D:1)
  2 worms (D:2)
  3 dart slugs (D:2)
  2 leopard geckos
  4 orcs
  A ball python (D:3)
  14 bats
  8 giant cockroaches
  7 goblins
  8 hobgoblins
  9 jackals
  4 kobolds
  A quokka (D:3)
  3 frilled lizards
  7 rats
90 creatures vanquished.

Notes
Turn   | Place    | Note
-------+----------+-------------------------------------------
     0 | D:1      | dvd the Gargoyle Berserker began the quest for the Orb.
     0 | D:1      | Reached XP level 1. HP: 14/14 MP: 1/1
   195 | D:1      | Reached XP level 2. HP: 17/19 MP: 2/2
   316 | D:1      | You fall through a shaft!
   320 | D:2      | Reached XP level 3. HP: 20/24 MP: 3/3
  1208 | D:2      | Reached XP level 4. HP: 29/29 MP: 4/4
  1211 | D:2      | Reached ** piety under Trog
  1742 | D:3      | Noticed ballsack's ghost (amateur OpCj)
  1756 | D:3      | Killed ballsack's ghost
  1756 | D:3      | Reached skill level 4 in Maces & Flails
  1756 | D:3      | Reached skill level 1 in Shields
  1756 | D:3      | Reached XP level 5. HP: 33/33 MP: 5/5
  1892 | D:3      | Reached XP level 6. HP: 38/38 MP: 6/6
  2203 | D:3      | Reached *** piety under Trog
  2228 | D:3      | Found a bloodstained altar of Trog.
  2276 | D:3      | Noticed Natasha
  2280 | D:3      | Killed Natasha
  2366 | D:3      | Noticed Natasha
  2373 | D:3      | Killed Natasha
  2373 | D:3      | Reached skill level 5 in Maces & Flails
  2444 | D:4      | Noticed an orc warrior
  2457 | D:4      | Killed an orc warrior
  2458 | D:4      | Reached XP level 7. HP: 37/44 MP: 7/7
  2569 | D:4      | Noticed Edmund
  2720 | D:4      | Killed Edmund
  2736 | D:4      | Killed from afar by an orc priest

Skill      XL: |  1  2  3  4  5  6  7 |
---------------+----------------------+-----
Fighting       | 4 |  4.6
Dodging        | 2 |  2.7
Maces & Flails | 4 5 |  5.9
Shields        | 1 2 |  2.9
Armour         | 3 4 |  4.3
Stealth        | |  0.8

Action                   |  1- 3 |  4- 6 |  7- 9 || total
-------------------------+-------+-------+-------++-------
Melee: Mace              |   108 |   208 |    75 ||   391
Invok: Berserk           |     1 |     2 |     2 ||     5
       Trog's Hand       |       |       |     5 ||     5
  Eat: Chunk             |     2 |     6 |     4 ||    12
Armor: Animal skin       |    52 |     1 |       ||    53
       Scale mail        |       |   118 |    40 ||   158
Dodge: Dodged            |    77 |    85 |    17 ||   179
Block: Shield            |       |    93 |    37 ||   130
